 Dungeon Crawl Stone Soup version 0.20.0-4-g10b340a (webtiles) character file.

104 skittles the Firebug (level 4, -8/33 HPs)
             Began as a Draconian Fire Elementalist on May 27, 2017.
             Killed by divine providence
             ... invoked by an orc priest
              (13 damage)
             ... on level 3 of the Dungeon.
             The game lasted 00:04:46 (1804 turns).

skittles the Firebug (Draconian Fire Elementalist)  Turns: 1804, Time: 00:04:46

Health: -8/33      AC:  5    Str: 10    XL:     4   Next: 52%
Magic:  6/7        EV: 12    Int: 17    God:
Gold:   131        SH:  0    Dex: 11    Spells: 6/7 levels left

rFire    . . .     SeeInvis .   q - +0 long sword
rCold    . . .     Gourm    +   (no shield)
rNeg     . . .     Faith    .   (armour unavailable)
rPois    .         Spirit   .   (helmet restricted)
rElec    .         Reflect  .   (no cloak)
rCorr    .         Harm     .   (no gloves)
MR       .....                  (no boots)
Stlth    ++........             i - amulet of the gourmand
Regen    0.2/turn               (no ring)
MPRegen  0.1/turn               (no ring)

@: no status effects
A: unfitting armour, cold-blooded, AC +5
a: no special abilities


You were on level 3 of the Dungeon.
You were very full.

You visited 1 branch of the dungeon, and saw 3 of its levels.

You collected 131 gold pieces.

Inventory:

Hand Weapons
 c - a +0 short sword
 q - a +0 long sword (weapon)
Jewellery
 i - an amulet of the gourmand (around neck)
 o - a cursed amulet of inaccuracy {unknown}
Scrolls
 d - 2 scrolls of remove curse {unknown}
 e - 3 scrolls of magic mapping {unknown}
 g - 2 scrolls of random uselessness {unknown}
 h - a scroll of amnesia {unknown}
 l - a scroll of enchant weapon {unknown}
 m - a scroll of fog {unknown}
 p - 3 scrolls of identify {unknown}
 s - a scroll of teleportation {unknown}
 t - a scroll of enchant armour {unknown}
Potions
 j - a potion of invisibility {unknown}
 k - a potion of ambrosia {unknown}
 n - a potion of heal wounds {unknown}
Books
 a - a book of Flames

   Spells                             Type                      Level
   a - Flame Tongue                   Conjuration/Fire             1
   b - Throw Flame                    Conjuration/Fire             2
   c - Conjure Flame                  Conjuration/Fire             3
   d - Inner Flame                    Hexes/Fire                   3
   e - Sticky Flame                   Conjuration/Fire             4
   f - Fireball                       Conjuration/Fire             5
Comestibles
 b - a bread ration
 f - 2 meat rations


   Skills:
 - Level 1.7 Dodging
 - Level 1.7 Stealth
 - Level 2.0 Spellcasting
 + Level 3.2 Conjurations
 + Level 4.2 Fire Magic


You had 6 spell levels left.
You knew the following spells:

 Your Spells              Type           Power        Failure   Level  Hunger
a - Flame Tongue          Conj/Fire      ##...        4%          1    #......


Dungeon Overview and Level Annotations

Branches:
Dungeon (3/15)

Altars:


Innate Abilities, Weirdness & Mutations

Your plain brown scales are hard. (AC +5)
You cannot fit into any form of body armour.
You are cold-blooded and may be slowed by cold attacks.


Message History

You see here a stone.
The orc priest invokes the aid of Beogh against you.
Beogh smites you!
* * * LOW HITPOINT WARNING * * *
You see here a stone.
You see here a stone.
The orc priest looks satisfied for a moment.
You see here 2 stones.
You see here a bat skeleton.
An orc comes into view. It is wielding a short sword.
The orc hits you with a short sword.
* * * LOW HITPOINT WARNING * * *
You closely miss the orc. The orc barely misses you.
The orc hits you with a short sword.
* * * LOW HITPOINT WARNING * * *
The orc hits you but does no damage. The orc hits you but does no damage.
The orc priest calls down the wrath of Beogh upon you.
Beogh smites you!
You die...

#.# #.# .. #.# #.
###.# #. #...# #.
#.### #.
##.######.####
####............#
#.....######.@..#
#.###.# ###oo####
#.###.# #.....#
#.....# #.###.#
#####.# #.# #.# #.#
####o###.####... #.#
#..............o
#.#####.##.###.####..
#..o.o..##.# #.#


You could see an orc priest and 2 orcs.

Vanquished Creatures
  An orc priest (D:3)
  2 adders
  A dart slug (D:1)
  3 leopard geckos
  11 orcs (D:3)
  2 giant cockroaches
  2 hobgoblins
  2 ball pythons (D:3)
  3 bats
  2 frilled lizards
  2 goblins
  7 kobolds
  2 rats (D:3)
40 creatures vanquished.

Notes
Turn   | Place    | Note
-------+----------+-------------------------------------------
     0 | D:1      | skittles the Draconian Fire Elementalist began the quest for the Orb.
     0 | D:1      | Reached XP level 1. HP: 14/14 MP: 3/3
     9 | D:1      | Noticed an ogre
   461 | D:1      | Reached XP level 2. HP: 14/20 MP: 5/5
   939 | D:2      | Reached XP level 3. HP: 17/26 MP: 2/6
   974 | D:2      | You fall through a shaft!
  1489 | D:3      | Reached skill level 4 in Fire Magic
  1489 | D:3      | Reached XP level 4. HP: 14/33 MP: 4/7
  1804 | D:3      | Killed from afar by an orc priest

Skill      XL: |  1  2  3  4 |
---------------+-------------+-----
Conjurations   | 2 3 |  3.2
Fire Magic     | 4 |  4.2
Dodging        | |  1.7
Stealth        | |  1.7
Spellcasting   | |  2.0

Action                   |  1- 3 |  4- 6 || total
-------------------------+-------+-------++-------
Melee: Unarmed           |    21 |       ||    21
       Short sword       |    55 |       ||    55
       Tailslap          |     5 |     1 ||     6
       Long sword        |     5 |     7 ||    12
 Cast: Flame Tongue      |    27 |     8 ||    35
 Stab: Sleeping          |     2 |       ||     2
       Distracted        |     1 |       ||     1
  Eat: Chunk             |    11 |     1 ||    12
Armor: Skin              |    29 |     7 ||    36
Dodge: Dodged            |    68 |    10 ||    78
       Rpst.: Long sword |     4 |     3 ||     7
